 Dungeon Crawl Stone Soup version 0.18.1-50-g88ac8fd (webtiles) character file.

12 varam the Sneak (level 2, 11/13 HPs)
             Began as a Spriggan Enchanter on Oct 21, 2016.
             Was a Follower of Jiyva.
             Quit the game on level 2 of the Dungeon.
             The game lasted 00:03:16 (677 turns).

varam the Sneak (Spriggan Enchanter)                 Turns: 677, Time: 00:03:16

Health: 11/13      AC:  3    Str:  4    XL:     2   Next: 20%
Magic:  6/6        EV: 18    Int: 16    God:    Jiyva [*.....]
Gold:   37         SH:  0    Dex: 16    Spells: 2 memorised, 3 levels left

rFire  . . .     SeeInvis +     a - +1 dagger
rCold  . . .     Gourm    .     b - +1 robe
rNeg   . . .     Faith    .     (shield restricted)
rPois  .         Spirit   .     (helmet restricted)
rElec  .         Dismiss  .     (no cloak)
rCorr  .         Reflect  .     (gloves unavailable)
SustAt .         Harm     .     (boots unavailable)
MR     .....                    (no amulet)
Stlth  +++.......               (no ring)
                                (no ring)

@: very quick, not resistant to hostile enchantments, fairly stealthy
A: unfitting armour, see invisible, herbivore 3, speed 3, slow metabolism 2
a: Request Jelly, Renounce Religion


You were on level 2 of the Dungeon.
You worshipped Jiyva.
Jiyva was aware of your devotion.
You were not hungry.

You visited 1 branch of the dungeon, and saw 2 of its levels.

You collected 37 gold pieces.

Inventory:

Hand Weapons
 a - a +1 dagger (weapon)
Armour
 b - a +1 robe (worn)
Potions
 e - a potion of resistance {unknown}
 f - a potion of berserk rage {unknown}
Books
 c - a book of Maledictions

   Spells                             Type                      Level
   a - Corona                         Hexes                        1
   b - Ensorcelled Hibernation        Hexes/Ice                    2
   c - Confuse                        Hexes                        3
   d - Tukima's Dance                 Hexes                        3
   e - Dazzling Spray                 Conjuration/Hexes            3
Comestibles
 d - a bread ration


   Skills:
 - Level 1.1 Short Blades
 - Level 3.0 Dodging
 + Level 5.6 Stealth
 - Level 2.6 Spellcasting
 - Level 3.6 Hexes


You had 3 spell levels left.
You knew the following spells:

 Your Spells              Type           Power        Failure   Level  Hunger
a - Ensorcelled Hibernat  Hex/Ice        #.....       17%         2    ##.....
b - Corona                Hex            ##.....      6%          1    #......


Dungeon Overview and Level Annotations

Branches:
Dungeon (2/15)

Altars:
Yredelemnul
Jiyva


Innate Abilities, Weirdness & Mutations

You are tiny and cannot use many weapons and most armour.
You have supernaturally acute eyesight.
You are a herbivore.
You cover ground extremely quickly.
You need consume almost no food.


Message History

The bat barely misses you. The bat misses you.
Found a faded altar to an unknown god.
The bat misses you. The bat misses you. The bat misses you.
Found a twisted garnet amulet.
The bat misses you.
An adder comes into view.
The bat misses you. The bat closely misses you.
There is a faded altar to an unknown god here.
This altar will convert you to a god.
You cannot discern which.
Do you pray?
Okay, then.
This altar will convert you to a god.
You cannot discern which.
Do you pray? Jiyva accepts your prayer! Jiyva welcomes you!
Jiyva grants you a jelly!
You can now request a jelly.
The bat closely misses you.
Are you sure you want to abandon this character and quit the game? (Confirm with "yes".)

#g#....#....###
#.#..g.#....# #.
..####g....## ### ...
.## #.....# #.. ... ##
#..#### ##S###.#
#..#######......# #
#...............# ##
#gg### ##...8.J.# .#
#..## #...8@8..# . .#
....####..8.b.8.##.#
.#####.........8.8.....#
..##.......##...8...####
#....#..##.##.".....#
###....# #....##....#
#....# ####....##### #
#....# ###......# .
#...## ##.####.## .


You could see an adder (sleeping), a bat and a neutral jelly (fellow slime).

Vanquished Creatures
  5 jackals
  3 bats (D:2)
  A giant newt (D:2)
  A goblin (D:2)
  A kobold (D:2)
  A rat (D:1)
12 creatures vanquished.

Notes
Turn   | Place    | Note
--------------------------------------------------------------
     0 | D:1      | varam the Spriggan Enchanter began the quest for the Orb.
     0 | D:1      | Reached XP level 1. HP: 9/9 MP: 5/5
   112 | D:1      | Reached skill level 5 in Stealth
   233 | D:2      | Found a basalt altar of Yredelemnul.
   374 | D:1      | Reached XP level 2. HP: 9/13 MP: 6/6
   468 | D:1      | Learned a level 2 spell: Ensorcelled Hibernation
   668 | D:2      | Found a faded altar to an unknown god.
   676 | D:2      | Became a worshipper of Jiyva Jemorch the Shapeless
   676 | D:2      | Reached * piety under Jiyva
   677 | D:2      | Quit the game

Skill      XL: |  1 |
---------------+----+-----
Stealth        | 5 |  5.6
Short Blades   | |  1.1
Dodging        | |  3.0
Spellcasting   | |  2.6
Hexes          | |  3.6

Action                   || total
-------------------------++-------
Melee: Dagger            ||    52
 Cast: Corona            ||    11
       Ensorcelled Hiber ||     3
 Stab: Sleeping          ||     6
Armor: Robe              ||     9
Dodge: Dodged            ||    80
